 Dungeon Crawl Stone Soup version 0.29.0-11-gd7f09526c8 (webtiles) character file.

Game seed: 2878037508847686470

101 sanka the Chopper (level 4, -1/38 HPs)
             Began as a Ghoul Monk on Sept 4, 2022.
             Slain by an orc
             ... wielding a +3 mace
              (7 damage)
             ... on level 3 of the Dungeon.
             The game lasted 00:02:13 (2429 turns).

sanka the Chopper (Ghoul Monk)                      Turns: 2429, Time: 00:02:15

Health: -1/38      AC:  5    Str: 16    XL:     4   Next: 75%
Magic:  0/12       EV: 11    Int:  5    God:
Gold:   128        SH:  0    Dex: 11    Spells: 3/3 levels left

rFire   + . .      SeeInvis .   a - +0 hand axe
rCold   + . .      Faith    .   (no shield)
rNeg    + + +      Spirit   +   h - +0 ring mail
rPois   ∞          Reflect  .   (no helmet)
rElec   .          Harm     .   (no cloak)
rCorr   .          Rampage  .   (no gloves)
Will    .....                   (no boots)
Stlth   +.........              j - amulet of guardian spirit
HPRegen 0.00/turn               d - ring of protection from fire
MPRegen 0.13/turn               n - ring of magical power

@: inhibited regen
A: claws 1, cold resistance 1, negative energy resistance 3, inhibited
regeneration, torment resistance 2, devour on kill
a: no special abilities


You were on level 3 of the Dungeon.
You visited 1 branch of the dungeon, and saw 3 of its levels.

You collected 128 gold pieces.


Innate Abilities, Weirdness & Mutations

You are immune to poison.
You have sharp fingernails.
Your flesh is cold resistant. (rC+)
You are immune to negative energy. (rN+++)
You do not regenerate when monsters are visible.
You are immune to unholy pain and torment.
You thrive by killing the living.


   Skills:
 - Level 3.2 Fighting
 + Level 4.8 Axes
 - Level 2.6 Dodging
 - Level 2.1 Stealth


You had 3 spell levels left.
You didn't know any spells.
Your spell library contained the following spells:

 Spells                   Type           Power      Damage    Failure   Level
 Conjure Flame            Conj/Fire      0%         6-21      97%         3
 Ignite Poison            Fire/Tmut/Pois 0%         N/A       97%         3
 Sticky Flame             Conj/Fire      0%         2d3       100%        4

Inventory:

Hand Weapons
 a - a +0 hand axe (weapon)
Armour
 b - a +0 robe
 h - a +0 ring mail (worn)
Jewellery
 d - a ring of protection from fire (left claw)
 j - an amulet of guardian spirit (around neck)
 n - a ring of magical power (right claw)
Wands
 i - a wand of mindburst (14)
Scrolls
 e - 5 scrolls of identify {unknown}
 f - a scroll of amnesia {unknown}
 g - a scroll of vulnerability {unknown}
 k - a scroll of noise {unknown}
 l - a scroll of teleportation {unknown}
 m - a scroll of enchant armour {unknown}
Potions
 c - a potion of ambrosia
 o - a potion of mutation {unknown}
 p - a potion of lignification {unknown}

Dungeon Overview and Level Annotations

Branches:
Dungeon (3/15)

Altars:

▒.▒▒▒▒▒.▒
▒▒▒▒▒▒.▒▒.▒▒.▒
▒..........▒.▒▒▒▒▒▒
▒†▒▒▒▒..▒.........▒
▒.▒ ▒.▒.▒.▒.▒▒▒▒.▒
▒▒▒▒▒.▒
▒.......▒▒▒▒.▒
▒...▒.▒
▒▒▒▒▒▒▒▒.....▒
▒.....▒ ▒▒▒▒.▒▒▒▒▒
▒...▒▒▒ ▒)n{...▒
▒▒.▒▒ ▒.....oo▒.▒.▒
▒.▒ ▒.......▒.▒...
▒.▒▒ ▒.......▒..
..▒ ▒..▒
▒.......▒▒▒...▒
▒▒.▒ ▒.......▒ ..▒▒
▒.▒ ▒........ .▒
▒▒.▒ ▒.......▒ .▒
▒..▒ ▒▒▒▒.▒


You could see 2 orcs.


Message History

You miss something. The orc hits you with a +0 hand axe.
* * * LOW HITPOINT WARNING * * *
You hear some strange, mumbled words.
A magic dart appears from out of thin air!
The magic dart hits you.
* * * LOW HITPOINT WARNING * * *
The orc closely misses you.
You barely miss the orc.
The orc is severely wounded.
You hit the orc. You barely miss something. The orc barely misses you.
Something hits you but does no damage. The orc closely misses you.
The orc barely misses you. Something hits you.
* * * LOW HITPOINT WARNING * * *
The orc hits you with a +3 mace.
* * * LOW HITPOINT WARNING * * *
Unknown command.
You barely miss the orc.
The orc is severely wounded.
You closely miss the orc. You hit something but do no damage.
The orc closely misses you. Something hits you.
* * * LOW HITPOINT WARNING * * *
The orc hits you with a +3 mace!
You die...

Action                   |  1- 3 |  4- 6 || total
-------------------------+-------+-------++-------
Melee: Hand axe          |   124 |    53 ||   177
       Punch             |     1 |     1 ||     2
 Stab: Sleeping          |     3 |       ||     3
Armor: Robe              |    14 |       ||    14
       Ring mail         |    20 |    19 ||    39
Dodge: Dodged            |    78 |    40 ||   118

Levels and vault maps discovered:
D:1:      minmay_arrival_loop, layout_rooms,
          hellmonk_ecumenical_altar_inner_sanctum
D:2:      layout_loops_ring, serial_rivers, chequers_serial_rivers_micro_d,
          chequers_serial_rivers_marsh, chequers_serial_rivers_room_a,
          chequers_serial_rivers_micro_d, minmay_worlds_worst_comb
D:3:      layout_loops_cross, serial_shops, shop_statue,
          kennysheep_generic_room_11, uniq_jessica

Notes
Turn   | Place    | Note
-------+----------+-------------------------------------------
     0 | D:1      | sanka the Ghoul Monk began the quest for the Orb.
     0 | D:1      | Reached XP level 1. HP: 19/19 MP: 0/0
    68 | D:1      | Found a faded altar of an unknown god.
    99 | D:1      | Reached skill level 3 in Axes
   302 | D:1      | Reached XP level 2. HP: 22/26 MP: 1/1
   837 | D:1      | Reached XP level 3. HP: 30/31 MP: 2/2
  1093 | D:2      | Reached skill level 4 in Axes
  1522 | D:2      | Reached XP level 4. HP: 38/38 MP: 3/3
  2192 | D:3      | Noticed Jessica
  2205 | D:3      | Killed Jessica
  2429 | D:3      | Slain by an orc

Vanquished Creatures
  Jessica (D:3)
  An adder (D:2)
  A worm (D:2)
  2 dart slugs
  An orc (D:3)
  5 bats
  3 endoplasms
  7 giant cockroaches
  6 goblins
  9 hobgoblins
  4 kobolds
  2 quokkas
  2 ball pythons
  2 frilled lizards
  5 rats
51 creatures vanquished.
